 Dungeon Crawl Stone Soup version 0.22.1-1-ga44c0e5 (webtiles) character file.

23 FunkyPutin the Insei (level 3, -1/23 HPs)
             Began as an Octopode Transmuter on Oct 7, 2018.
             Slain by a worm (4 damage)
             ... on level 2 of the Dungeon.
             The game lasted 00:07:33 (1218 turns).

FunkyPutin the Insei (Octopode Transmuter)          Turns: 1218, Time: 00:07:33

Health: -1/23      AC:  1    Str:  9    XL:     3   Next: 0%
Magic:  6/6        EV: 13    Int: 16    God:
Gold:   37         SH:  0    Dex: 12    Spells: 5/6 levels left

rFire    . . .     SeeInvis .     - Unarmed
rCold    . . .     Gourm    .   (no shield)
rNeg     . . .     Faith    .   (helmet restricted)
rPois    .         Spirit   .   (no amulet)
rElec    .         Reflect  .   (no ring)
rCorr    .         Harm     .   (no ring)
MR       .....                  (no ring)
Stlth    ++........             (no ring)
HPRegen  0.07/turn              (no ring)
MPRegen  0.10/turn              (no ring)
                                (no ring)
                                (no ring)

@: no status effects
A: almost no armour, stealthy swim, amphibious, 8 rings, constrict 8, camouflage
1, gelatinous body 1
a: no special abilities


You were on level 2 of the Dungeon.
You were hungry.

You visited 1 branch of the dungeon, and saw 2 of its levels.

You collected 37 gold pieces.

Inventory:

Missiles
 a - 30 arrows
Jewellery
 f - a +2 amulet of reflection {unknown}
Scrolls
 d - a scroll of identify {unknown}
 e - a scroll of teleportation {unknown}
 h - a scroll of random uselessness {unknown}
Potions
 b - a potion of mutation {unknown}
 g - 2 potions of heal wounds {unknown}
Comestibles
 c - 2 rations


   Skills:
 * Level 1.0 Fighting
 * Level 2.2 Dodging
 - Level 0.2 Stealth
 - Level 3.5 Unarmed Combat
 - Level 2.2 Spellcasting
 - Level 2.1 Transmutations


You had 5 spell levels left.
You knew the following spells:

 Your Spells              Type           Power        Failure   Level  Hunger
a - Beastly Appendage     Tmut           #.....       9%          1    #......

Your spell library contained the following spells:

 Spells                   Type           Power        Failure   Level  Hunger
 Sticks to Snakes         Tmut           #.......     12%         2    ###....
 Spider Form              Tmut/Pois      #.........   36%         3    ###....
 Ice Form                 Ice/Tmut       #.......     78%         4    #####..
 Blade Hands              Tmut           #.........   92%         5    ######.


Dungeon Overview and Level Annotations

Branches:
Dungeon (2/15)

Altars:


Innate Abilities, Weirdness & Mutations

You cannot wear most types of armour.
You are very stealthy in the water. (Stealth+)
You are amphibious.
You can wear up to eight rings at the same time.
You can use your tentacles to constrict eight enemies at once.
Your skin changes colour to match your surroundings (Stealth+).
Your rubbery body absorbs attacks. (AC +1, EV +1)


Message History

Save game and exit?
Okay, then.
There is a stone staircase leading down here.
There is a stone staircase leading down here.
You climb downwards.
The worm bites you.
There is a stone staircase leading up, spattered with blood here.
The worm bites you.
You tentacle-slap the worm. You grab the worm. You squeeze the worm.
The worm is moderately wounded.
You constrict the worm. You tentacle-slap the worm. You squeeze the worm.
The worm is severely wounded.
You constrict the worm. The worm bites you!
* * * LOW HITPOINT WARNING * * *
You release your grip on the worm.
There is a stone staircase leading up, spattered with blood here.
The bat hits you.
* * * LOW HITPOINT WARNING * * *
The worm bites you.
You die...

..# .# . ##.#
#.# .. .$.##..
... ..#..###
w... #......##
..... #.......##
.%....#.w...!..#
.......@.......#
..............(.
.....#.b........
..g....#.$.....#
................
.[........$.%...
....#...$.......
..##.#.##......


You could see 2 worms, a goblin and a bat.

Vanquished Creatures
  A dart slug (D:1)
  4 bats (D:1)
  A giant cockroach (D:1)
  3 goblins (D:1)
  3 hobgoblins (D:1)
  3 frilled lizards (D:1)
  2 kobolds (D:1)
  4 rats (D:1)
21 creatures vanquished.

Notes
Turn   | Place    | Note
-------+----------+-------------------------------------------
     0 | D:1      | FunkyPutin the Octopode Transmuter began the quest for the
                  | Orb.
     0 | D:1      | Reached XP level 1. HP: 13/13 MP: 3/3
   243 | D:1      | Reached XP level 2. HP: 12/18 MP: 5/5
   953 | D:1      | Reached XP level 3. HP: 18/23 MP: 6/6
  1218 | D:2      | Slain by a worm

Action                   || total
-------------------------++-------
Melee: Unarmed           ||    47
       Constrict         ||    13
       Tentacles         ||     8
 Stab: Sleeping          ||     4
Armor: Skin              ||     2
Dodge: Dodged            ||    21
